[Event "7th Kings Tournament"]
[Site "Bucharest"]
[Date "2013.10.13"]
[Round "7"]
[White "Radjabov, Teimour"]
[Black "Wang, Hao"]
[Result "1/2-1/2"]
[ECO "D94"]
[WhiteElo "2723"]
[BlackElo "2733"]
[PlyCount "87"]
[EventDate "2013.??.??"]
[EventCountry "ROU"]
[TimeControl "40/7200:20/3600:900+30"]

{Even playing until all fighting resources were exhausted didn’t produce
decisive games in the 7th round of the Kings Tournament. Radjabov with the
White pieces against Wang Hao achieved a slight advantage in the Schlechter
Variation, which wasn’t enough to create big problems for the Chinese GM and
the game was drawn on move 44 in a bishops’ endgame with equal material. 
Nisipeanu-Ponomariov saw a classical line of the Nimzo-Indian, where in a
complicated middlegame Black succeeded to take over the advantage. However,
today Nisipeanu saved half a pawn with the help of square a1 and he did so
twice: first the Romanian GM placed the queen in the corner, which was a very
strong idea, helping White to gain the highly important pawn g7. And then in
bishops’ endgame Nisipeanu used the well-known motif of a “wrong square”,
when even a bishop up with a marginal pawn is not enough for a win. The draw
was agreed on move 52.} 1. d4 d5 2. c4 c6 3. Nc3 Nf6 4. e3 g6 {[#]  The
Schlechter Variation is a mix between Slav and Gruenfeld. The American GM Gata
Kamsky is considered to be the best specialist for Black in this opening.} 5.
Nf3 Bg7 6. Be2 O-O 7. O-O a6 8. b3 Ne4 9. Bb2 Nxc3 10. Bxc3 Bg4 11. h3 Bxf3 12.
Bxf3 e6 {[#]  "Any player who has the Schlechter Variation in his repertoire
should be ready to defend this kind of position. Black is solid, although
somewhat passive. The presence of the bishop in fianchetto has two
consequences. The positive aspect is that the thematic opening of the center
with e3-e4 is somewhat inhibited. On the other hand, the queenside dark
squares have been left slightly unattended, which may make itself felt. Black
has placed all his pawns on light squares, in order to restrict the f3-bishop.
This will give White a free hand on the dark squares, allowing him to annoy
Black with moves such as Bb4 or Ba5" (M.Marin).} 13. Qc2 ({Magnus Carlsen
treated White's position differently:} 13. Qd2 Re8 14. Ba5 $5 {[%csl Rb6,Rc5]
An interesting idea to use the weaknesses of Black's queenside.} Qe7 15. Rac1
Nd7 16. Qb4 Qxb4 17. Bxb4 {with a slightly better endgame for White in Carlsen,
M (2710)-Bu Xiangzhi (2685) Biel 2007}) 13... Nd7 14. Rfd1 ({After} 14. e4 {
(which is one of White's main plans in such a pawn structure: to open the
position for his bishops) Black can consider the interesting answer} e5 $5)
14... Re8 15. a4 Qc7 16. Be1 {A move which shows that Radjabov is not willing
to play for e3-e4. Instead, the Azerbaijani GM prepares the advance of the
b-pawn.} Rac8 17. Be2 {[#]} dxc4 {Wang Hao doesn't wish to wait passively.
With all his pieces placed optimally the Chinese GM decides to release the
pressure and to simplify the position.} 18. Qxc4 (18. bxc4 c5 {offers Black a
comfortable position, according to Radjabov.}) 18... c5 19. Rac1 Qb8 20. dxc5
Rxc5 {[#]} 21. Qe4 (21. Qf4) ({and} 21. Qb4 {were other attractive options.
Everywhere White is slightly better thanks to his bishop pair.}) 21... Nf6 22.
Qd3 Rxc1 23. Rxc1 Rc8 24. Rxc8+ Qxc8 25. Kf1 h5 {[#]} 26. Qc4 {Both sides were
thinking that with queens on the board Black's defense would be more difficult,
but Radjabov didn't see a clear way for White to keep the queens on without
allowing Black some counterplay.} ({For instance} 26. Bf3 Nd7 27. Qe4 Qc1 28.
Qxb7 Nc5 {with activity for the pawn (Radjabov).}) 26... Qxc4 27. Bxc4 Kf8 28.
Ke2 Ne4 $1 29. f3 Nd6 {[#]  The knight is optimally placed on d6 and Black
needs just a little accuracy in order to reach the draw.} 30. Bd3 Ke7 31. e4 f5
$1 32. Ke3 fxe4 33. Bxe4 Nxe4 34. Kxe4 Kd7 35. g4 Ke8 36. Bg3 Kf7 37. Bh4 Bb2
38. Kf4 {[#]} e5+ {The most precise defense, even if} (38... Bc1+ 39. Ke5 Ba3 {
is also a draw.}) 39. Ke4 Ke6 40. Be1 Ba3 41. b4 b5 42. axb5 axb5 43. Bd2 (43.
Bc3 {brings nothing either:} Bc1 44. Bxe5 Bd2 {and the b4-pawn falls}) 43...
Bb2 44. Be1 1/2-1/2

[Event "7th Kings Tournament"]
[Site "Bucharest"]
[Date "2013.10.13"]
[Round "7"]
[White "Nisipeanu, Liviu-Dieter"]
[Black "Ponomariov, Ruslan"]
[Result "1/2-1/2"]
[ECO "E59"]
[WhiteElo "2674"]
[BlackElo "2751"]
[PlyCount "104"]
[EventDate "2013.??.??"]
[EventCountry "ROU"]
[TimeControl "40/7200:20/3600:900+30"]

1. d4 Nf6 2. c4 e6 3. Nc3 Bb4 4. e3 {The Rubinstein Variation represents the
most classical line against the Nimzo Indian.} O-O 5. Bd3 c5 6. Nf3 d5 7. O-O
dxc4 8. Bxc4 Nc6 9. a3 Bxc3 10. bxc3 Qc7 11. Bb2 e5 12. h3 Bf5 {[#]  In this
complicated strategic position White has several plans. He can retreat the
bishop to a2 in order to prepare d5 and c4, connect the rooks with 13.Qe2 and
decide later how to proceed in the center, or force Black to advance the
e-pawn by playing the move from the game.   In opposite to his opponent, who
never had this position in his previous practice, Ponomariov played this
position with both colours before.} 13. Bb5 {By threatening to take on c6 and
e5 White forces his opponent to define the pawn structure.} (13. Qe2 Rad8 14.
Rfd1 h6 15. Ba2 Rfe8 16. Nxe5 Nxe5 17. dxe5 Qxe5 18. c4 Qe6 19. Rxd8 Rxd8 20.
Rd1 Rxd1+ 21. Qxd1 {Radjabov,T (2628)-Ponomariov,R (2743) Bled 2002 (Olympiad).
}) 13... e4 ({Opening the center with} 13... exd4 {would be a clear strategic
mistake for Black. After} 14. cxd4 cxd4 15. Nxd4 {White has a stable advatage
thanks to his bishop pair in an open position. But a possible alternative was
to place a rook to d8, although after White's answer Qd1-e2 Black would have
to advance the e-pawn anyway.}) 14. Nd2 Rad8 15. Rc1 {[#]  Few years ago the
Ukrainian GM had already played this position, but... on the white side!} h6 {
Black's position is solid and he can allow himself to make quiet useful moves.}
({The game Ponomariov,R (2744)-L'Ami,E (2628) Wijk aan Zee 2011 finished with
a draw after} 15... Bg6 16. Re1 Rd5 17. Be2 Re8 (17... Rg5 18. h4) 18. c4 Rdd8
19. d5 Ne5 20. a4 Re7 21. Nf1) 16. Re1 Bg6 17. Bxc6 (17. c4 $2 {would be a
blunder due to} cxd4 18. Bxc6 dxe3 {and Black wins an important central pawn.})
({but a move like} 17. a4 {was a better choice.}) 17... bxc6 18. c4 cxd4 $1 19.
exd4 ({or} 19. Bxd4 Nd7) 19... Rfe8 20. Re3 Nh5 $1 {[#]  Black has an
advantage now. His idea is simple: to advance the f-pawn, therefore Nisipeanu
forces matters.} 21. Nxe4 (21. f3 exf3 22. Qxf3 Rxe3 23. Qxe3 f6 {is also
advantage for Black}) 21... Qf4 (21... Rxe4 $2 22. Rxe4 Bxe4 23. Qxh5 $16) 22.
g3 Nxg3 23. Rxg3 Rxe4 {[#]} ({Weaker is} 23... Bxe4 24. Qg4 $1 Qf6 ({Black has
nothing to fear after the exchange of queens either} 24... Qxg4 25. hxg4) 25.
Ba1 {and thanks to the threat d4-d5 White has counterplay.}) 24. d5 $1 {The
right decision: White needs his own activity in oder to distract Black from
using the weaknesses on the kingside. For a price of a pawn the Romanian GM
opens files for his pieces. Especially important is the opening of the long
diagonal for the bishop from b2.  At this moment Nisipeanu had 22 minutes left
(before reaching the time control on move 40) against Ponomariov's almost one
hour.} (24. Rg4 Qb8 25. Rxe4 Bxe4 {[%cal Gd8d6,Gd6g6]
with the idea Rd6-g6 and "we can go home", said Nisipeanu after the game,
meaning that White can resign.}) 24... Rxc4 25. Rxc4 Qxc4 26. d6 {[#]  A
critical moment.} Qf4 (26... Qc5 $1 {which prevents the answer 27.Qa1 was
correct. Then} 27. Qd4 ({The Ukrainian GM thought that here White can play} 27.
Qb3 {attacking the bishop on g6, but after the simple} Rxd6 {Black wins}) ({
Also} 27. Qa1 Rxd6 28. Bxg7 Qc2 {favours Black}) 27... Qxd4 28. Bxd4 Rxd6 29.
Bxa7 Rd1+ 30. Kh2 Be4 {and White has to struggle for the draw}) 27. Qa1 $1 {A
very good move by Nisipeanu, which saves White.} Qxd6 28. Bxg7 Kh7 {Black is
still better, but White should be able to save himself without big
difficulties. Nisipeanu's only problem was his time trouble.} 29. Bf6 Re8 30.
Qd4 Re6 31. Qxd6 Rxd6 32. Bc3 c5 33. h4 h5 {[#]} 34. Re3 c4 35. Re8 Bb1 36. Rc8
Rg6+ 37. Kf1 Bd3+ 38. Ke1 Rg4 (38... Re6+ 39. Kd1 Re4 {would have kept
practical chances for Black.}) 39. Rh8+ Kg6 40. Rg8+ Kf5 41. Rxg4 hxg4 ({After
} 41... Kxg4 {the players agreed that} 42. Bf6 c3 43. f3+ Kxf3 44. Bxc3 {is an
easy draw.}) 42. Kd2 Kf4 43. Bd4 a6 44. Kc3 {[#]  The "wrong corner" for Black
saves White, who will soon give up his bishop for Black's last kingside pawn.}
f5 45. Bb6 Kf3 46. h5 f4 47. h6 Ke2 48. Bc7 Kxf2 49. Bxf4 g3 50. Bxg3+ Kxg3 51.
h7 Bxh7 52. Kxc4 Kf2 {[#]} 1/2-1/2

[Event "7th Kings Tournament"]
[Site "Bucharest"]
[Date "2013.10.14"]
[Round "8"]
[White "Ponomariov, Ruslan"]
[Black "Caruana, Fabiano"]
[Result "0-1"]
[WhiteElo "2751"]
[BlackElo "2779"]
[PlyCount "92"]
[EventDate "2013.??.??"]
[EventCountry "ROU"]
[TimeControl "40/7200:20/3600:900+30"]

{In the 8th round of Kings Tournament Caruana made another important step to
overall victory: the Italian GM won with the black pieces against Ponomariov.
In a rare sideline of Sicilian Caruana played quicker and more precise than
his opponent, who had one of those bad days when nothing works out well.  Wang
Hao-Nisipeanu saw another quiet draw in Petrov’s Defense. Thus the Romanian
GM is solely in the second place with 50 per cent points. Ponomariov, Radjabov
and Wang Hao didn’t win any games in Bucharest yet and find themselves on
the bottom of the table with the “minus one” result.} 1. e4 c5 2. Nf3 e6 3.
g3 Nc6 4. Bg2 {[#]} Nf6 ({One year ago Caruana played} 4... d5 {but didn't
equalize completely:} 5. exd5 exd5 6. d4 Nf6 7. O-O Be7 8. Be3 cxd4 9. Nxd4 O-O
10. Nc3 Bg4 11. Qd3 a6 12. Rfe1 Qd7 13. Nxc6 bxc6 14. Na4 Qf5 15. Bf4 Bb4 16.
Qxf5 Bxf5 17. c3 $14 {Jones,G (2635)-Caruana,F (2767) Reykjavik 2012}) 5. Qe2
e5 $5 ({Also here} 5... d5 {is an important option for Black.}) 6. O-O Be7 7.
c3 O-O {[#]} 8. d4 {Curiously, this logical and most direct move hasn't been
played before.} ({In case of} 8. d3 d5 {we get the Kings Indian Defense with
reversed colours.}) 8... cxd4 9. cxd4 d5 {[#]} 10. exd5 Nxd4 (10... e4 {is bad
in view of} 11. dxc6 exf3 12. Qxf3 bxc6 13. Qxc6) 11. Nxd4 exd4 12. Qe5 {Keeps
the bishop e7 under attack in order to prevent the move Qd8-b6.} ({After} 12.
Qc4 {Black can protect the pawn with} Qb6) 12... d3 13. Nc3 (13. Bf4 $5) 13...
Re8 {[#]} 14. Bf4 $2 {White misses Black's answer.} (14. Qd4 Bf5 15. Bf4 {
leads to a complicated, approximately equal middlegame.}) 14... Ba3 15. Qd4
Bxb2 16. Qxd3 Bxa1 17. Rxa1 Bd7 18. h3 {[#]  The bishop is heading for square
d4. From the human's point of view White has compensation for the exchange:
the bishops' pair supports the passed pawn d5 and his pieces are well
centralized. Nevertheless black rooks will control the open files and Black
has the advantage.} Rc8 {According to Caruana, not the best.} (18... Qa5 $5)
19. Be3 Bf5 {Played this move after a long thinking. It is not an easy
decision to exchange the only bishop and leave White with his mighty bishop's
pair against the rook and knight. On the other hand every exchange of pieces
favours Black.} ({The main alternative was} 19... Qc7 {and Black must be
"easily winning", as Wang Hao put it. Things are certainly not so trivial for
Black after 20.Bd4, though.}) ({After} 19... a6 {White should stop Black's
intention to advance the b-pawn by continuing} 20. a4) 20. Qxf5 Rxc3 21. Bd4
Rc4 22. Rd1 $15 {[#]} Qd6 {After the game the Italian wasn't happy with this
move either, although Black doesn't have a clear plan to improve his position.}
(22... Qd7 23. Qd3) 23. Bf1 Rb4 (23... Rcc8 24. Bd3 {is also not convincing.})
24. Bc3 ({As indicated by Caruana, after the strongest} 24. Qc2 {White should
be able to keep the position.}) 24... Rbe4 (24... Rb6 25. Bd4 {brings Black
nowhere.}) 25. Bb5 (25. Bd3 $2 Qxd5 26. Qxd5 Nxd5 27. Bxe4 Nxc3 $19) 25... Qc5
$1 {[#]} 26. Bxf6 $2 (26. Bxe8 Qxc3 27. Bb5 g6 28. Qg5 Re1+ 29. Rxe1 Qxe1+ 30.
Kg2 Qe4+ 31. Kh2 Nxd5 32. Bf1 {would have allowed White to put up a long
resistance.}) 26... Re1+ {Now Black is winning in all variations.} 27. Kh2 (27.
Rxe1 Rxe1+ 28. Kg2 Qxb5 29. Qc8+ Re8 $19 ({or} 29... Qe8)) (27. Kg2 Qxb5 {
threatening Qf1.}) (27. Bf1 Rxd1 28. Qg4 Rxf1+ 29. Kxf1 Qb5+ 30. Kg1 Qb1+ 31.
Kh2 Qg6 32. Qd7 Qe4 $19) 27... Rxd1 28. Bxe8 {[#]} Rxd5 $1 {After this the
rest is simple.} ({Not} 28... gxf6 29. Qg4+ Kf8 30. Qxd1) 29. Be5 Rxe5 (29...
f6 {is even more convincing: White can't save the bishop and Black keeps his
f-pawn alive.}) 30. Qxf7+ Kh8 31. Bd7 Qe7 32. Qf4 Qf6 33. Qd2 b5 34. Bg4 h5 35.
Bd1 h4 36. Bg4 Re8 37. gxh4 Qxh4 38. Kg2 Qe7 39. Bf3 Rd8 40. Qf4 Qf6 41. Qg4 g6
42. Qe4 Qg5+ 43. Kf1 a5 44. h4 Qf5 45. Qc6 Rf8 46. Qc3+ Kh7 0-1

[Event "7th Kings Tournament"]
[Site "Bucharest"]
[Date "2013.10.14"]
[Round "8"]
[White "Wang, Hao"]
[Black "Nisipeanu, Liviu-Dieter"]
[Result "1/2-1/2"]
[ECO "C42"]
[WhiteElo "2733"]
[BlackElo "2674"]
[PlyCount "60"]
[EventDate "2013.??.??"]
[EventCountry "ROU"]
[TimeControl "40/7200:20/3600:900+30"]

1. e4 e5 2. Nf3 Nf6 {The Petrov's Defense was absent the last two rounds of
Kings Tournament, now it's time to return.} 3. Nxe5 d6 4. Nf3 Nxe4 5. d4 ({In
the previous three games from Kings Tournament 2013 the players on the White
side preferred exclusively} 5. Nc3) 5... d5 6. Bd3 Bd6 7. O-O O-O 8. c4 c6 9.
Nc3 Nxc3 10. bxc3 dxc4 11. Bxc4 {[#]} Bf5 ({A much more popular continuation is
} 11... Bg4) 12. Ng5 {Wang Hao immediately uses the fact that his knight is
not pinned and opens the diagonal d1-h5 for an eventual "sortie" with the
queen on f3 or h5.  Nevertheless Black has enough resources to defend against
opponent's threats.} ({"Probably White must play} 12. Re1 {said Wang Hao after
the game. To which Nisipeanu replied quietly "I was obviously prepared against
it"...}) 12... h6 {The Romanian GM is not afraid of ghosts.} ({After} 12... Nd7
{White could consider the advance of kingside pawns:} 13. g4 Bg6 14. f4 {with
a sharp middlegame.}) 13. Qf3 ({In case of} 13. Nxf7 Rxf7 {nothing brings} 14.
Qh5 {in view of} Qf6 {with advantage for Black.}) 13... Bg6 {[#]} ({Nisipeanu
was spending time calculating} 13... Qf6 14. g4 hxg5 15. Qxf5 Qxf5 16. gxf5 Bf4
{with the idea Nd7-f6, but then realized that there is no need for it: Black
doesn't have even the slightest problem after the move played in the game.})
14. Nh3 ({An interesting alternative for White was} 14. Ne4 Bxh2+ {(otherwise 
Black still must fight for equality)} 15. Kxh2 Qh4+ 16. Qh3 $1 Qxh3+ (16...
Qxe4 17. Ba3 Rd8 18. Rae1 {offers White an obvious initiative for the
sacrificed pawn.}) 17. gxh3 Bxe4 18. Rg1 $1 {and it turns out that White will
win back the pawn. It is unclear if this is enough for advantage, though.})
14... Nd7 15. Nf4 (15. Bf4 Qf6 {is also equal.}) 15... Bh7 16. Nh5 {White
threatens Qg4.} Qh4 $1 {Activates the queen and defends against White's idea.}
17. Bf4 Bxf4 18. Nxf4 {[#]  White didn't achieve much with his long knight
maneuver (Ng1-f3-g5-h3-f4), while Black completed development and exchanged
some pieces. The position is equal.} Rae8 19. Rae1 Nf6 20. Bd3 Bxd3 21. Nxd3
Ne4 (21... Rxe1 22. Rxe1 Re8 $11) 22. g3 Qf6 23. Qxf6 Nxf6 {[#]} 24. Ne5 Re6
25. f4 Rc8 26. Nc4 Rxe1 27. Rxe1 Kf8 28. Nd6 Rb8 ({Both players agreed that in
case of} 28... Rc7 29. c4 {the awkward rook on c7 leaves White with some hopes
for advantage.}) 29. Kf2 b6 30. Kf3 Rd8 {The tournament rules in Bucharest
allow draws only after 30 moves. Having achieved this limit the players shared
the point right away.} 1/2-1/2